| TOP OF THE 1ST |
|
San Jose Giants batting - Pitching for Tulsa Drillers : RHP Alex Mora
|
|
Pitching: RHP Alex Mora
|
|
|
Batting: RHB Tony Mendez
|
0-0: Called Strike 0-1: Ball 1-1: Foul Ball, location: 2F 1-2: Foul Ball, location: 2F 1-2: Ball 2-2: SOLO HOME RUN (Line Drive, 7D, EV 95.0 MPH), Distance : 348 ft
|
|
Batting: LHB Ryan Braden
|
0-0: Ball 1-0: Ball 2-0: Foul Ball, location: 2F 2-1: Swinging Strike 2-2: Ball 3-2: Fly out, F8 (Flyball, 8RS, EV 76.9 MPH)
|
|
Batting: LHB Mike Roberts
|
0-0: Ball 1-0: Ball 2-0: Ball 3-0: Base on Balls
|
|
Batting: RHB Billy Pranger
|
0-0: Foul Ball, location: 2F 0-1: Ball 1-1: Called Strike 1-2: Foul Ball, location: 2F 1-2: Ball 2-2: Ball 3-2: Foul Ball, location: 2F 3-2: Fly out, F8 (Flyball, 8RS, EV 85.6 MPH)
|
|
Batting: RHB Guillermo Mojica
|
0-0: Called Strike Mike Roberts is caught stealing 2nd base 2-4
|
| Top of the 1st over - 1 run, 1 hit, 0 errors, 0 left on base; San Jose 1 - Tulsa 0 |
| BOTTOM OF THE 1ST |
|
Tulsa Drillers batting - Pitching for San Jose Giants : RHP Jan Cole
|
|
Pitching: RHP Jan Cole
|
|
|
Batting: LHB Cory Bowler
|
0-0: Called Strike 0-1: Ball 1-1: Fly out, F6 (Popup, 6MS, EV 66.9 MPH)
|
|
Batting: SHB Ray Luna
|
0-0: Ball 1-0: Ball 2-0: Ball 3-0: Foul Ball, location: 2F 3-1: Called Strike 3-2: Foul Ball, location: 2F 3-2: Strikes out swinging
|
|
Batting: LHB Bobby Gonzalez
|
0-0: Ball 1-0: Ball 2-0: Foul Ball, location: 2F 2-1: Ball 3-1: Called Strike 3-2: Foul Ball, location: 2F 3-2: Fly out, F8 (Flyball, 8LS, EV 94.4 MPH)
|
| Bottom of the 1st over - 0 runs, 0 hits, 0 errors, 0 left on base; San Jose 1 - Tulsa 0 |
| TOP OF THE 2ND |
|
San Jose Giants batting - Pitching for Tulsa Drillers : RHP Alex Mora
|
|
Batting: RHB Guillermo Mojica
|
0-0: Foul Ball, location: 2F 0-1: Ball 1-1: Ball 2-1: Foul Ball, location: 2F 2-2: Ground out 6-3 (Groundball, 6, EV 91.9 MPH)
|
|
Batting: RHB Azedine Kirui
|
0-0: SINGLE (Line Drive, 56D, EV 95.6 MPH)
|
|
Batting: LHB Steve Nevis
|
0-0: Called Strike 0-1: Foul Ball, location: 2F 0-2: Ball 1-2: Ball 2-2: Foul Ball, location: 2F 2-2: Ball 3-2: DOUBLE (Groundball, 5L, EV 101.9 MPH) Azedine Kirui to third
|
|
Batting: LHB Yeong-hun Joe
|
0-0: Foul Ball, location: 2F 0-1: Ball 1-1: SINGLE (Groundball, 4MD, EV 104.4 MPH) Azedine Kirui scores Steve Nevis to third Runner from 3rd tries for Home, throw by CF and OUT! 8-2 Yeong-hun Joe to second
|
|
Batting: RHB Adam Noyes
|
0-0: Called Strike 0-1: Called Strike 0-2: Ball 1-2: Ball 2-2: Ground out U3 (Groundball, 3, EV 78.8 MPH)
|
| Top of the 2nd over - 1 run, 3 hits, 0 errors, 1 left on base; San Jose 2 - Tulsa 0 |
| BOTTOM OF THE 2ND |
|
Tulsa Drillers batting - Pitching for San Jose Giants : RHP Jan Cole
|
|
Batting: RHB Justin Curran
|
0-0: Called Strike 0-1: Ball 1-1: Fly out, F5 (Popup, 56, EV 60.0 MPH)
|
|
Batting: RHB Jonathan Sotelo
|
0-0: Called Strike 0-1: Called Strike 0-2: Ball 1-2: SINGLE (Groundball, 3D, EV 97.5 MPH)
|
|
Batting: LHB Nate Kee
|
0-0: Called Strike Jonathan Sotelo is caught stealing 2nd base 2-6 0-1: SINGLE (Groundball, 4M, EV 107.5 MPH) (infield hit)
|
|
Batting: LHB Umar Matoub
|
0-0: Ball 1-0: Foul Ball, location: 2F 1-1: Ball 2-1: Ball 3-1: Foul Ball, location: 2F 3-2: Foul Ball, location: 2F 3-2: SINGLE (Line Drive, 34D, EV 96.9 MPH) Nate Kee to second Nate Kee to third
|
|
Batting: RHB Bob Magana
|
0-0: Foul Ball, location: 2F 0-1: Ball 1-1: Ball 2-1: Ball 3-1: Fielders Choice at 2nd, 6-4 (Groundball, 6, EV 101.2 MPH)
|
| Bottom of the 2nd over - 0 runs, 3 hits, 0 errors, 2 left on base; San Jose 2 - Tulsa 0 |
| TOP OF THE 3RD |
|
San Jose Giants batting - Pitching for Tulsa Drillers : RHP Alex Mora
|
|
Batting: RHB Tony Mendez
|
0-0: Called Strike 0-1: Called Strike 0-2: Ball 1-2: Foul Ball, location: 2F 1-2: Ball 2-2: Strikes out looking
|
|
Batting: LHB Ryan Braden
|
0-0: Foul Ball, location: 2F 0-1: Ball 1-1: Fly out, F8 (Flyball, 8LD, EV 74.4 MPH)
|
|
Batting: LHB Mike Roberts
|
0-0: Ground out U3 (Groundball, 3L, EV 106.2 MPH)
|
| Top of the 3rd over - 0 runs, 0 hits, 0 errors, 0 left on base; San Jose 2 - Tulsa 0 |
| BOTTOM OF THE 3RD |
|
Tulsa Drillers batting - Pitching for San Jose Giants : RHP Jan Cole
|
|
Batting: LHB Joe Phillips
|
0-0: Ball 1-0: Ball 2-0: Called Strike 2-1: Ground out 4-3 (Groundball, 4MS, EV 92.5 MPH)
|
|
Batting: LHB Cory Bowler
|
0-0: Called Strike 0-1: Ball 1-1: SINGLE (Groundball, 4MD, EV 104.4 MPH)
|
|
Batting: SHB Ray Luna
|
0-0: Ball 1-0: Foul Ball, location: 2F 1-1: Called Strike Cory Bowler steals 2nd base 1-2: Foul Ball, location: 2F 1-2: Fly out, F8 (Flyball, 8LS, EV 90.0 MPH)
|
|
Batting: LHB Bobby Gonzalez
|
0-0: Called Strike 0-1: Ball 1-1: Fly out, F2 (Popup, 23F, EV 86.2 MPH)
|
| Bottom of the 3rd over - 0 runs, 1 hit, 0 errors, 1 left on base; San Jose 2 - Tulsa 0 |
| TOP OF THE 4TH |
|
San Jose Giants batting - Pitching for Tulsa Drillers : RHP Alex Mora
|
|
Batting: RHB Billy Pranger
|
0-0: Called Strike 0-1: Ball 1-1: Ball 2-1: Ground out 1-3 (Groundball, 13S, EV 65.0 MPH)
|
|
Batting: RHB Guillermo Mojica
|
0-0: Called Strike 0-1: Swinging Strike 0-2: Ball 1-2: Fly out, F8 (Flyball, 8RD, EV 102.5 MPH)
|
|
Batting: RHB Azedine Kirui
|
0-0: Called Strike 0-1: Swinging Strike 0-2: Foul Ball, location: 2F 0-2: Fly out, F8 (Flyball, 8RD, EV 109.4 MPH)
|
| Top of the 4th over - 0 runs, 0 hits, 0 errors, 0 left on base; San Jose 2 - Tulsa 0 |
| BOTTOM OF THE 4TH |
|
Tulsa Drillers batting - Pitching for San Jose Giants : RHP Jan Cole
|
|
Batting: RHB Justin Curran
|
0-0: Foul Ball, location: 2F 0-1: Swinging Strike 0-2: Foul Ball, location: 2F 0-2: Ball 1-2: Ball 2-2: Foul Ball, location: 2F 2-2: Foul Ball, location: 2F 2-2: Ball 3-2: Strikes out swinging
|
|
Batting: RHB Jonathan Sotelo
|
0-0: Ball 1-0: Called Strike 1-1: Swinging Strike 1-2: Ball 2-2: Foul Ball, location: 2F 2-2: Strikes out swinging
|
|
Batting: LHB Nate Kee
|
0-0: Ball 1-0: SOLO HOME RUN (Flyball, 9D, EV 93.8 MPH), Distance : 356 ft
|
|
Batting: LHB Umar Matoub
|
0-0: Called Strike 0-1: Ball 1-1: Foul Ball, location: 2F 1-2: Foul Ball, location: 2F 1-2: Ball 2-2: Strikes out looking
|
| Bottom of the 4th over - 1 run, 1 hit, 0 errors, 0 left on base; San Jose 2 - Tulsa 1 |
| TOP OF THE 5TH |
|
San Jose Giants batting - Pitching for Tulsa Drillers : RHP Alex Mora
|
|
Batting: LHB Steve Nevis
|
0-0: Called Strike 0-1: SINGLE (Line Drive, 34, EV 102.5 MPH)
|
|
Batting: LHB Yeong-hun Joe
|
0-0: Foul Ball, location: 2F 0-1: Foul Ball, location: 2F 0-2: Fly out, F7 (Line Drive, 7S, EV 100.0 MPH)
|
|
Batting: RHB Adam Noyes
|
0-0: Called Strike Steve Nevis is caught stealing 2nd base 2-4 0-1: Called Strike 0-2: Foul Ball, location: 2F 0-2: SINGLE (Groundball, 6M, EV 86.9 MPH) (infield hit)
|
|
Batting: RHB Tony Mendez
|
0-0: Called Strike 0-1: Called Strike Adam Noyes steals 2nd base 0-2: Ground out 4-3 (Groundball, 34, EV 104.4 MPH)
|
| Top of the 5th over - 0 runs, 2 hits, 0 errors, 1 left on base; San Jose 2 - Tulsa 1 |
| BOTTOM OF THE 5TH |
|
Tulsa Drillers batting - Pitching for San Jose Giants : RHP Jan Cole
|
|
Batting: RHB Bob Magana
|
0-0: Foul Ball, location: 2F 0-1: Ball 1-1: Ball 2-1: Ball 3-1: Called Strike 3-2: Foul Ball, location: 2F 3-2: SINGLE (Groundball, 56, EV 100.6 MPH)
|
|
Batting: LHB Joe Phillips
|
0-0: Fielders Choice at 2nd, 4-6 (Groundball, 4, EV 81.9 MPH)
|
|
Batting: LHB Cory Bowler
|
0-0: Foul Ball, location: 2F 0-1: Fielders Choice at 2nd, 3-6 (Groundball, 3, EV 96.9 MPH)
|
|
Batting: SHB Ray Luna
|
0-0: Swinging Strike 0-1: Ground out 2-3 (Groundball, 15S, EV 69.4 MPH)
|
| Bottom of the 5th over - 0 runs, 1 hit, 0 errors, 1 left on base; San Jose 2 - Tulsa 1 |
| TOP OF THE 6TH |
|
San Jose Giants batting - Pitching for Tulsa Drillers : RHP Alex Mora
|
|
Batting: LHB Ryan Braden
|
0-0: Ball 1-0: Swinging Strike 1-1: Swinging Strike 1-2: Foul Ball, location: 2F 1-2: Ball 2-2: Ball 3-2: SINGLE (Flyball, 5D, EV 95.6 MPH)
|
|
Batting: LHB Mike Roberts
|
0-0: Grounds into double play, 6-4-3 (Groundball, 6, EV 83.8 MPH)
|
|
Batting: RHB Billy Pranger
|
0-0: Called Strike 0-1: Fly out, F9 (Line Drive, 89D, EV 86.2 MPH)
|
| Top of the 6th over - 0 runs, 1 hit, 0 errors, 0 left on base; San Jose 2 - Tulsa 1 |
| BOTTOM OF THE 6TH |
|
Tulsa Drillers batting - Pitching for San Jose Giants : RHP Jan Cole
|
|
Batting: LHB Bobby Gonzalez
|
0-0: Ball 1-0: Ball 2-0: Foul Ball, location: 2F 2-1: Ball 3-1: Foul Ball, location: 2F 3-2: Base on Balls
|
|
Pitching: RHP Kevin Spencer
|
|
|
Batting: RHB Justin Curran
|
0-0: Foul Ball, location: 2F 0-1: Ball 1-1: Ball 2-1: Swinging Strike 2-2: SINGLE (Line Drive, 9S, EV 92.5 MPH) Bobby Gonzalez to second Runner from 2nd tries for 3rd, OUT! 9-5
|
|
Now in RF: Laroya Foronda
|
|
|
Batting: RHB Jonathan Sotelo
|
0-0: Ball Justin Curran is caught stealing 2nd base 2-4 1-0: Foul Ball, location: 2F 1-1: Ground out 6-3 (Groundball, 56, EV 105.0 MPH)
|
| Bottom of the 6th over - 0 runs, 1 hit, 0 errors, 0 left on base; San Jose 2 - Tulsa 1 |
| TOP OF THE 7TH |
|
San Jose Giants batting - Pitching for Tulsa Drillers : RHP Alex Mora
|
|
Batting: RHB Guillermo Mojica
|
0-0: Ball 1-0: Called Strike 1-1: Ball 2-1: Ball 3-1: SINGLE (Groundball, 23, EV 74.4 MPH) (infield hit)
|
|
Batting: RHB Azedine Kirui
|
0-0: DOUBLE (Flyball, 8RD, EV 92.5 MPH) Guillermo Mojica to third Guillermo Mojica scores
|
|
Batting: RHB Laroya Foronda
|
0-0: 2-RUN HOME RUN (Flyball, 8LXD, EV 108.1 MPH), Distance : 441 ft
|
|
Pitching: RHP Andy Rodriguez
|
|
|
Batting: LHB Yeong-hun Joe
|
0-0: Ball 1-0: Called Strike 1-1: Ball 2-1: Called Strike 2-2: Ball 3-2: Strikes out swinging passed ball, reaches first!
|
|
Batting: RHB Adam Noyes
|
0-0: Called Strike 0-1: Ball 1-1: Ball 2-1: Foul Ball, location: 2F 2-2: Ball 3-2: Strikes out swinging
|
|
Batting: RHB Tony Mendez
|
0-0: Called Strike 0-1: Ball 1-1: Foul Ball, location: 2F 1-2: Foul Ball, location: 2F 1-2: Strikes out swinging
|
|
Batting: LHB Ryan Braden
|
0-0: Ball 1-0: Foul Ball, location: 2F 1-1: Ball 2-1: SINGLE (Groundball, 34D, EV 96.9 MPH) Yeong-hun Joe to second Runner from 2nd tries for 3rd, SAFE, throw by RF made to third
|
|
Batting: LHB Mike Roberts
|
0-0: Swinging Strike 0-1: Ball 1-1: Ball 2-1: Swinging Strike 2-2: Strikes out swinging
|
| Top of the 7th over - 3 runs, 4 hits, 0 errors, 2 left on base; San Jose 5 - Tulsa 1 |
| BOTTOM OF THE 7TH |
|
Tulsa Drillers batting - Pitching for San Jose Giants : RHP Kevin Spencer
|
|
Batting: LHB Nate Kee
|
0-0: Called Strike 0-1: Ball 1-1: Foul Ball, location: 2F 1-2: Foul Ball, location: 2F 1-2: Ball 2-2: Ball 3-2: Foul Ball, location: 2F 3-2: Foul Ball, location: 2F 3-2: Base on Balls
|
|
Batting: LHB Umar Matoub
|
0-0: Called Strike 0-1: Swinging Strike 0-2: Ball 1-2: Fly out, F8 (Flyball, 8LS, EV 76.2 MPH)
|
|
Batting: RHB Bob Magana
|
0-0: SINGLE (Groundball, 6MD, EV 100.0 MPH) Nate Kee to second
|
|
Batting: LHB Joe Phillips
|
0-0: Grounds into double play, 4-6-3 (Groundball, 4, EV 91.2 MPH)
|
| Bottom of the 7th over - 0 runs, 1 hit, 0 errors, 1 left on base; San Jose 5 - Tulsa 1 |
| TOP OF THE 8TH |
|
San Jose Giants batting - Pitching for Tulsa Drillers : RHP Andy Rodriguez
|
|
Pitching: RHP Alex Vasquez
|
|
|
Batting: RHB Billy Pranger
|
0-0: Fly out, F8 (Flyball, 8LD, EV 94.4 MPH)
|
|
Batting: RHB Guillermo Mojica
|
0-0: Called Strike 0-1: Called Strike 0-2: Ball 1-2: Strikes out looking
|
|
Batting: RHB Azedine Kirui
|
0-0: Called Strike 0-1: Foul Ball, location: 2F 0-2: Ground out 6-3 (Groundball, 6, EV 84.4 MPH)
|
| Top of the 8th over - 0 runs, 0 hits, 0 errors, 0 left on base; San Jose 5 - Tulsa 1 |
| BOTTOM OF THE 8TH |
|
Tulsa Drillers batting - Pitching for San Jose Giants : RHP Kevin Spencer
|
|
Pitching: RHP Mike Flynn
|
|
|
Now at 2B: Alex Belton
|
|
|
Batting: LHB Cory Bowler
|
0-0: Ground out 6-3 (Groundball, 56D, EV 106.2 MPH)
|
|
Batting: SHB Ray Luna
|
0-0: Ball 1-0: Called Strike 1-1: Foul Ball, location: 2F 1-2: Ball 2-2: Strikes out swinging
|
|
Batting: LHB Bobby Gonzalez
|
0-0: Ball 1-0: Called Strike 1-1: Swinging Strike 1-2: Foul Ball, location: 2F 1-2: Ball 2-2: Ball 3-2: Fly out, F8 (Flyball, 8LM, EV 84.4 MPH)
|
| Bottom of the 8th over - 0 runs, 0 hits, 0 errors, 0 left on base; San Jose 5 - Tulsa 1 |
| TOP OF THE 9TH |
|
San Jose Giants batting - Pitching for Tulsa Drillers : RHP Alex Vasquez
|
|
Batting: RHB Laroya Foronda
|
0-0: Foul Ball, location: 2F 0-1: Swinging Strike 0-2: Strikes out looking
|
|
Batting: LHB Yeong-hun Joe
|
0-0: Called Strike 0-1: Ball 1-1: Swinging Strike 1-2: Strikes out swinging, 2-3 out at first.
|
|
Batting: RHB Adam Noyes
|
0-0: Called Strike 0-1: Foul Ball, location: 2F 0-2: Ground out 6-3 (Groundball, 4MD, EV 106.9 MPH)
|
| Top of the 9th over - 0 runs, 0 hits, 0 errors, 0 left on base; San Jose 5 - Tulsa 1 |
| BOTTOM OF THE 9TH |
|
Tulsa Drillers batting - Pitching for San Jose Giants : RHP Mike Flynn
|
|
Batting: RHB Justin Curran
|
0-0: Ball 1-0: Ball 2-0: Ball 3-0: Foul Ball, location: 2F 3-1: Swinging Strike 3-2: Strikes out looking
|
|
Batting: RHB Jonathan Sotelo
|
0-0: Swinging Strike 0-1: Called Strike 0-2: Fly out, F8 (Line Drive, 78M, EV 95.6 MPH)
|
|
Batting: LHB Nate Kee
|
0-0: Foul Ball, location: 2F 0-1: Ball 1-1: Ball 2-1: Fly out, F4 (Popup, 34S, EV 72.5 MPH)
|
| Bottom of the 9th over - 0 runs, 0 hits, 0 errors, 0 left on base; San Jose 5 - Tulsa 1 |
|